 Dungeon Crawl Stone Soup version 0.29.0-4-gdea44cf6ec (webtiles) character file.

Game seed: 12170290555086508322

5670 qw the Cleaver (level 10, 0/79 HPs)
             Began as a Demonspawn Cinder Acolyte on Sept 9, 2022.
             Was an Initiate of Ignis.
             Slain by a fire bat (4 damage)
             ... on level 1 of the Abyss.
             The game lasted 00:03:49 (10781 turns).

qw the Cleaver (Demonspawn Cinder Acolyte)         Turns: 10781, Time: 00:03:50

Health: 0/79       AC: 17    Str: 20    XL:     10   Next: 47%
Magic:  11/11      EV:  6    Int: 15    God:    Ignis [......]
Gold:   215        SH: 10    Dex:  4    Spells: 11/11 levels left

rFire   + . .      SeeInvis .   Y - +0 war axe
rCold   . . .      Faith    .   j - +2 kite shield
rNeg    . . .      Spirit   .   p - +0 plate armour
rPois   .          Reflect  .   (no helmet)
rElec   .          Harm     .   g - +1 cloak
rCorr   .          Rampage  .   c - +0 pair of gloves
Will    .....                   (no boots)
Stlth   ..........              (no amulet)
HPRegen 0.23/turn               (no ring)
MPRegen 0.12/turn               (no ring)

@: fiery-armoured
A: repulsion field 1, demonic guardian 1, condensation shield, weakness stinger
1, [clumsy 2], [deformed body], [screaming 2]
a: Renounce Religion, Rising Flame


You were on level 1 of the Abyss.
You worshipped Ignis.
Ignis was noncommittal.
You visited 1 branch of the dungeon, and saw 8 of its levels.
You visited the Abyss 1 time.

You collected 436 gold pieces.
You spent 221 gold pieces at shops.


Innate Abilities, Weirdness & Mutations

You are surrounded by a mild repulsion field. (EV +2)
A weak demonic guardian rushes to your aid.
A meltable shield of frost defends you. (SH +0)
You have a small tail.
[You are very clumsy. (Dex -4)]
[Armour fits poorly on your strangely shaped body.]
[You frequently scream uncontrollably at your foes.]


   Skills:
 - Level 7.1 Fighting
 - Level 10.1 Axes
 - Level 1.7 Throwing
 - Level 5.1 Armour
 - Level 1.0 Dodging
 + Level 6.7 Shields
 - Level 1.0 Spellcasting
 - Level 2.6 Fire Magic


You had 11 spell levels left.
You didn't know any spells.
Your spell library contained the following spells:

 Spells                   Type           Power      Damage    Failure   Level
 Scorch                   Fire           16%        2d6       100%        2

Inventory:

Hand Weapons
 m - a +1 hand axe of flaming
 Y - a +0 war axe (weapon)
Armour
 c - a +0 pair of gloves (worn)
 g - a +1 cloak (worn)
 j - a +2 kite shield (worn)
 p - a +0 plate armour (worn)
Jewellery
 q - a ring of fire
Wands
 l - a wand of digging (6)
Scrolls
 b - a scroll of identify
Potions
 a - 8 potions of curing
 d - 2 potions of haste
 e - 2 potions of might
 i - a potion of cancellation
 k - a potion of resistance {unknown}

Dungeon Overview and Level Annotations

Branches:
Dungeon (8/15)             Temple (0/1) D:4
   Lair: D:8-11

Altars:
Ashenzari
Kikubaaqudgha
Qazlal
Ru
Wu Jian

Shops:
D:2 :(:(*   D:5 !

Annotations:
D:4 2 transporters, qw's ghost, amateur MiBe
D:8 Psyche


Message History

The fire bat is severely wounded.
You hit the wretched star but do no damage.
The fire bat barely misses you.
The fire bat bites you but does no damage.
The fire bat completely resists.
The wretched star glows turbulently.
The lance of force hits you!
A demonic guardian appears!
You are knocked back by the lance of force.
You collide with the fire bat!
The fire bat dies!
You hit the wretched star but do no damage.
You tail-slap the wretched star.
The wretched star is moderately damaged.
The fire bat barely misses you.
The wretched star glows turbulently.
The lance of force misses you.
The lance of force misses the fire bat.
You barely miss the wretched star.
The wretched star is moderately damaged.
You block the fire bat's attack.
The wretched star glows turbulently.
The lance of force misses you.
Your shadow imp hits the wretched star but does no damage.
You slash the wretched star!
The wretched star is moderately damaged.
You block the fire bat's attack.
The fire bat barely misses your shadow imp.
Your shadow imp hits the wretched star but does no damage.
You hit the wretched star but do no damage.
The wretched star is moderately damaged.
You hit the fire bat.
The fire bat bites you but does no damage.
The fire bat completely resists.
Your shadow imp hits the wretched star but does no damage.
You hit the wretched star but do no damage.
The wretched star is moderately damaged.
You slash the fire bat! The fire bat bites you.
You are engulfed in flames.
Your condensation shield dissipates!
You resist.
You die...

## .# .#.
.#### ...
..#. ..# ...#
# #..#....
#.#...### #
#.*#...# ...#
##@5.# .
#....b.##
##.##..# .
..##..#...#
#.........###
#.. ....... .
..
....###.#~##
#..#### .....
.... .#~..


You could see a wretched star (ally target), a fire bat and a friendly shadow
imp (summoned).

Vanquished Creatures
  A deep elf pyromancer (D:7)
  4 polar bears
  Sigmund (D:2)
  A wraith (D:7)
  A wyvern (D:5)
  A yak (D:8)
  An unseen horror simulacrum (D:8)
  A steam dragon (D:7)
  A chaos spawn (Abyss:1)
  Edmund (D:4)
  2 black bears (D:4)
  2 ice beasts
  An orc warrior (D:6)
  An ogre (D:4)
  3 wolves (D:8)
  A centaur (D:7)
  A phantom (D:5)
  A kobold brigand (D:6)
  2 bullfrogs
  8 killer bees
  2 howler monkeys
  6 hounds
  3 jellies
  2 orc priests
  4 gnoll boudas
  Terence (D:2)
  5 iguanas
  8 orc wizards
  A centaur simulacrum (D:8)
  18 gnolls
  5 adders
  A shadow imp (D:7)
  A howler monkey simulacrum (D:8)
  3 white imps
  3 ufetubi
  2 worms
  5 dart slugs
  30 orcs
  3 ball pythons
  5 bats
  2 endoplasms
  3 giant cockroaches
  6 goblins
  7 hobgoblins
  6 jackals
  7 quokkas
  2 frilled lizards
  2 kobolds
  2 rats (D:1)
180 creatures vanquished.

Vanquished Creatures (collateral kills)
  2 orc wizards
  3 gnolls (D:7)
  4 orcs
9 creatures vanquished.

Vanquished Creatures (others)
  A thrashing horror (Abyss:1)
  A ynoxinul (Abyss:1)
  A fire bat (Abyss:1)
3 creatures vanquished.

Grand Total: 192 creatures vanquished

Notes
Turn   | Place    | Note
-------+----------+-------------------------------------------
     0 | D:1      | qw the Demonspawn Cinder Acolyte began the quest for the
                  | Orb.
     0 | D:1      | Reached XP level 1. HP: 18/18 MP: 2/2
     0 | D:1      | 0 ||| qw: Version: 0.1-a-113-g051387a
     0 | D:1      | 0 ||| qw: Game counter: 7309
     0 | D:1      | 0 ||| qw: Always use a shield: true
     0 | D:1      | 0 ||| qw: God list: Okawaru
     0 | D:1      | 0 ||| qw: Allow faded altars: false
     0 | D:1      | 0 ||| qw: Do Orc after D:15 true
     0 | D:1      | 0 ||| qw: Do second Lair branch before Depths: true
     0 | D:1      | 0 ||| qw: Lair rune preference: random
     0 | D:1      | 0 ||| qw: Plans: Normal
     0 | D:1      | 0 ||| PLANNING D:1-11
    16 | D:1      | 16 ||| Stepping ~*~*~tactically~*~*~ (hiding).
    49 | D:1      | Reached skill level 3 in Axes
    69 | D:1      | 69 ||| INVOKING Fiery Armour.
   233 | D:1      | 233 ||| SWAPPING to +1 hand axe of flaming.
   234 | D:1      | 234 ||| DROPPING -1 hand axe of flaming.
   254 | D:1      | 254 ||| Stepping ~*~*~tactically~*~*~ (hiding).
   265 | D:1      | Gained mutation: A weak demonic guardian rushes to your
                  | aid. [demonic ancestry]
   265 | D:1      | Reached XP level 2. HP: 24/24 MP: 3/3
   494 | D:1      | 494 ||| Stepping ~*~*~tactically~*~*~ (stealth).
   715 | D:1      | 715 ||| INVOKING Fiery Armour.
   718 | D:1      | Gained mutation: You have a small tail. [demonic ancestry]
   718 | D:1      | Reached XP level 3. HP: 10/29 MP: 4/4
  1059 | D:1      | 1059 ||| UPGRADING to +0 cloak.
  1064 | D:1      | 1064 ||| UPGRADING to +0 scale mail.
  1074 | D:1      | 1074 ||| DROPPING +0 robe.
  1075 | D:1      | 1075 ||| READING scroll labelled GEUPPA BAIT.
  1123 | D:2      | 1123 ||| Stepping ~*~*~tactically~*~*~ (stealth).
  1264 | D:2      | Found a faded altar of an unknown god.
  1277 | D:2      | Found a stormy altar of Qazlal.
  1283 | D:2      | Found Ruober's Book Emporium.
  1308 | D:2      | 1308 ||| Stepping ~*~*~tactically~*~*~ (stealth).
  1313 | D:2      | Reached skill level 4 in Axes
  1316 | D:2      | Found Lialamup's Weapon Shoppe.
  1404 | D:2      | Noticed Terence
  1413 | D:2      | Killed Terence
  1414 | D:2      | Reached skill level 1 in Armour
  1588 | D:2      | 1588 ||| Stepping ~*~*~tactically~*~*~ (hiding).
  1590 | D:2      | 1590 ||| Stepping ~*~*~tactically~*~*~ (hiding).
  1781 | D:2      | Found Goppenan's General Store.
  1786 | D:2      | 1786 ||| SHOPLISTING +4 plate armour of fire resistance
                  | (650 gold, have 82).
  1786 | D:2      | 1786 ||| SHOPLISTING amulet of regeneration (390 gold, have
                  | 82).
  1786 | D:2      | 1786 ||| BUYING potion of curing (39 gold).
  1786 | D:2      | Bought a potion of curing for 39 gold pieces
  1786 | D:2      | 1786 ||| BUYING scroll of teleportation (39 gold).
  1786 | D:2      | Bought a scroll of teleportation for 39 gold pieces
  1798 | D:2      | Gained mutation: You are surrounded by a mild repulsion
                  | field. (EV +2) [demonic ancestry]
  1798 | D:2      | Reached XP level 4. HP: 27/35 MP: 5/5
  1881 | D:2      | Found Deg Cuwk's Weapon Emporium.
  1892 | D:2      | 1892 ||| SHOPLISTING +0 war axe (49 gold, have 4).
  1955 | D:2      | Noticed Sigmund
  1967 | D:2      | Killed Sigmund
  1968 | D:2      | Reached skill level 5 in Axes
  1968 | D:2      | Reached XP level 5. HP: 30/41 MP: 6/6
  2067 | D:2      | Found Bieckar's Book Emporium.
  2212 | D:2      | 2212 ||| UPGRADING to +0 plate armour.
  2222 | D:2      | 2222 ||| DROPPING +0 scale mail.
  2223 | D:2      | 2223 ||| READING scroll labelled DUZUHI XY VIHO.
  2224 | D:2      | 2224 ||| READING 2 scrolls labelled KIOKAESH OTTENT.
  2225 | D:2      | 2225 ||| READING scroll labelled ONUITHRAANG.
  2226 | D:2      | 2226 ||| READING scroll labelled JAEGEUXKUNT.
  2227 | D:2      | 2227 ||| READING scroll labelled ELYERACWURCH.
  2228 | D:2      | 2228 ||| DRINKING 3 bubbling yellow potions.
  2229 | D:2      | 2229 ||| DROPPING scroll of blinking.
  2230 | D:2      | 2230 ||| DROPPING 2 potions of attraction.
  2231 | D:2      | 2231 ||| READING 2 scrolls of teleportation.
  2408 | D:3      | 2408 ||| Stepping ~*~*~tactically~*~*~ (hiding).
  2414 | D:3      | 2414 ||| FLEEEEING.
  2415 | D:3      | 2415 ||| FLEEEEING.
  2417 | D:3      | 2417 ||| FLEEEEING.
  2418 | D:3      | 2418 ||| FLEEEEING.
  2419 | D:3      | 2419 ||| FLEEEEING.
  2420 | D:3      | 2420 ||| FLEEEEING.
  2421 | D:3      | 2421 ||| FLEEEEING.
  2422 | D:3      | 2422 ||| FLEEEEING.
  2427 | D:3      | 2427 ||| FLEEEEING.
  2428 | D:3      | 2428 ||| FLEEEEING.
  2429 | D:3      | 2429 ||| FLEEEEING.
  2430 | D:3      | Reached XP level 6. HP: 40/47 MP: 7/7
  2430 | D:3      | 2430 ||| FLEEEEING.
  2434 | D:3      | 2434 ||| FLEEEEING.
  2436 | D:3      | 2436 ||| FLEEEEING.
  2447 | D:3      | 2447 ||| FLEEEEING.
  2744 | D:3      | Found a sacrificial altar of Ru.
  2971 | D:3      | Found an ancient bone altar of Kikubaaqudgha.
  3142 | D:3      | 3142 ||| READING scroll labelled DIAMASHRECZOPP.
  3143 | D:3      | 3143 ||| READING 2 scrolls of identify.
  3143 | D:3      | 3143 ||| IDENTIFYING fizzy emerald potion
  3144 | D:3      | 3144 ||| DROPPING potion of ambrosia.
  3222 | D:4      | 3222 ||| Stepping ~*~*~tactically~*~*~ (stealth).
  3288 | D:4      | Reached skill level 6 in Axes
  3288 | D:4      | 3288 ||| FLEEEEING.
  3289 | D:4      | 3289 ||| FLEEEEING.
  3291 | D:4      | 3291 ||| Stepping ~*~*~tactically~*~*~ (hiding).
  3300 | D:4      | 3300 ||| FLEEEEING.
  3301 | D:4      | 3301 ||| FLEEEEING.
  3302 | D:4      | 3302 ||| FLEEEEING.
  3303 | D:4      | 3303 ||| FLEEEEING.
  3304 | D:4      | 3304 ||| FLEEEEING.
  3305 | D:4      | 3305 ||| FLEEEEING.
  3306 | D:4      | 3306 ||| FLEEEEING.
  3307 | D:4      | 3307 ||| FLEEEEING.
  3309 | D:4      | Noticed Edmund
  3310 | D:4      | 3310 ||| STAIRDANCE
  3420 | D:3      | 3420 ||| READING scroll labelled BOVEEZOBAC.
  3421 | D:3      | 3421 ||| DRINKING 2 clear potions.
  3436 | D:4      | 3436 ||| INVOKING Fiery Armour.
  3447 | D:4      | 3447 ||| STAIRDANCE
  3447 | D:4      | Killed Edmund
  3645 | D:4      | 3645 ||| Stepping ~*~*~tactically~*~*~ (stealth).
  3646 | D:4      | 3646 ||| Stepping ~*~*~tactically~*~*~ (stealth).
  3733 | D:4      | Gained mutation: A meltable shield of frost defends you.
                  | (SH +0) [demonic ancestry]
  3733 | D:4      | Reached XP level 7. HP: 38/54 MP: 8/8
  3935 | D:4      | 3935 ||| READING scroll of enchant armour.
  3935 | D:4      | 3935 ||| ENCHANTING +0 cloak.
  3954 | D:4      | Reached skill level 7 in Axes
  4113 | D:4      | Found a transporter.
  4116 | D:4      | Noticed qw's ghost (amateur MiBe)
  4190 | D:4      | 4190 ||| Stepping ~*~*~tactically~*~*~ (stealth).
  4191 | D:4      | 4191 ||| Stepping ~*~*~tactically~*~*~ (stealth).
  4191 | D:4      | Found a staircase to the Ecumenical Temple.
  4200 | D:4      | Reached skill level 3 in Armour
  4245 | D:4      | Found a transporter.
  4621 | D:4      | 4621 ||| READING scroll labelled SUUGUC JEUCOUL.
  4722 | D:4      | 4722 ||| READING 3 scrolls of identify.
  4722 | D:4      | 4722 ||| IDENTIFYING sedimented cyan potion
  4723 | D:4      | 4723 ||| READING 2 scrolls of identify.
  4723 | D:4      | 4723 ||| IDENTIFYING fuming blue potion
  4724 | D:4      | 4724 ||| DROPPING potion of flight.
  4725 | D:4      | 4725 ||| DROPPING potion of magic.
  4757 | D:5      | Entered Level 5 of the Dungeon
  4798 | D:5      | Reached skill level 1 in Throwing
  4969 | D:5      | You fall into a shaft and drop 3 floors!
  5005 | D:7      | 5005 ||| Stepping ~*~*~tactically~*~*~ (stealth).
  5007 | D:7      | 5007 ||| Stepping ~*~*~tactically~*~*~ (stealth).
  5016 | D:7      | 5016 ||| Stepping ~*~*~tactically~*~*~ (stealth).
  5082 | D:7      | 5082 ||| Stepping ~*~*~tactically~*~*~ (hiding).
  5145 | D:7      | 5145 ||| Stepping ~*~*~tactically~*~*~ (hiding).
  5152 | D:7      | 5152 ||| INVOKING Fiery Armour.
  5168 | D:7      | Reached XP level 8. HP: 15/60 MP: 9/9
  5168 | D:7      | 5168 ||| READING scroll of teleportation.
  5168 | D:7      | HP: 14/60 [poisoned by a killer bee]
  5169 | D:7      | 5169 ||| DRINKING 2 potions of heal wounds.
  5178 | D:7      | Reached skill level 1 in Dodging
  5183 | D:7      | 5183 ||| Stepping ~*~*~tactically~*~*~ (stealth).
  5190 | D:7      | 5190 ||| Stepping ~*~*~tactically~*~*~ (hiding).
  5207 | D:7      | 5207 ||| FLEEEEING.
  5211 | D:7      | 5211 ||| STAIRDANCE
  5319 | D:6      | Reached skill level 8 in Axes
  5389 | D:6      | 5389 ||| Stepping ~*~*~tactically~*~*~ (stealth).
  5390 | D:6      | 5390 ||| UPGRADING to +0 pair of gloves.
  5397 | D:6      | 5397 ||| Stepping ~*~*~tactically~*~*~ (stealth).
  5401 | D:6      | 5401 ||| Stepping ~*~*~tactically~*~*~ (hiding).
  5403 | D:6      | 5403 ||| Stepping ~*~*~tactically~*~*~ (hiding).
  5489 | D:5      | Found Unium's Distillery.
  5497 | D:5      | 5497 ||| BUYING 2 potions of might (88 gold).
  5497 | D:5      | Bought 2 potions of might for 88 gold pieces
  5497 | D:5      | 5497 ||| BUYING potion of heal wounds (55 gold).
  5497 | D:5      | Bought a potion of heal wounds for 55 gold pieces
  5497 | D:5      | 5497 ||| SHOPLISTING potion of mutation (88 gold, have 5).
  5536 | D:5      | 5536 ||| Stepping ~*~*~tactically~*~*~ (stealth).
  5611 | D:5      | 5611 ||| Stepping ~*~*~tactically~*~*~ (stealth).
  5669 | D:5      | 5669 ||| Stepping ~*~*~tactically~*~*~ (stealth).
  5973 | D:5      | 5973 ||| INVOKING Fiery Armour.
  5977 | D:5      | Noticed a two-headed ogre
  5978 | D:5      | 5978 ||| FLEEEEING.
  6173 | D:5      | 6173 ||| Stepping ~*~*~tactically~*~*~ (hiding).
  6175 | D:5      | 6175 ||| Stepping ~*~*~tactically~*~*~ (hiding).
  6178 | D:5      | 6178 ||| Stepping ~*~*~tactically~*~*~ (hiding).
  6616 | D:5      | 6616 ||| DRINKING 2 brown potions.
  6662 | D:5      | 6662 ||| DRINKING 3 viscous cyan potions.
  6663 | D:5      | 6663 ||| DROPPING potion of lignification.
  6664 | D:5      | 6664 ||| DROPPING 2 potions of degeneration.
  6694 | D:6      | 6694 ||| STAIRDANCE
  6702 | D:5      | Reached skill level 9 in Axes
  6774 | D:6      | 6774 ||| INVOKING Fiery Armour.
  6995 | D:6      | 6995 ||| Stepping ~*~*~tactically~*~*~ (hiding).
  7025 | D:6      | 7025 ||| SWAPPING to +0 war axe.
  7062 | D:6      | 7062 ||| Stepping ~*~*~tactically~*~*~ (stealth).
  7063 | D:6      | 7063 ||| Stepping ~*~*~tactically~*~*~ (stealth).
  7065 | D:6      | 7065 ||| Stepping ~*~*~tactically~*~*~ (stealth).
  7075 | D:6      | Reached XP level 9. HP: 56/68 MP: 10/10
  7093 | D:6      | 7093 ||| FLEEEEING.
  7186 | D:6      | Reached skill level 6 in Fighting
  7455 | D:6      | Found a broken altar of Ashenzari.
  7455 | D:6      | Found an ornate altar of the Wu Jian Council.
  7671 | D:6      | 7671 ||| READING scroll labelled OTOOME UPUQIA.
  7883 | D:7      | 7883 ||| Stepping ~*~*~tactically~*~*~ (stealth).
  7886 | D:7      | 7886 ||| Stepping ~*~*~tactically~*~*~ (stealth).
  7888 | D:7      | 7888 ||| Stepping ~*~*~tactically~*~*~ (stealth).
  7890 | D:7      | 7890 ||| Stepping ~*~*~tactically~*~*~ (stealth).
  7891 | D:7      | 7891 ||| Stepping ~*~*~tactically~*~*~ (stealth).
  7892 | D:7      | 7892 ||| Stepping ~*~*~tactically~*~*~ (stealth).
  7893 | D:7      | 7893 ||| Stepping ~*~*~tactically~*~*~ (stealth).
  8052 | D:7      | Noticed a deep elf pyromancer
  8061 | D:7      | 8061 ||| INVOKING Fiery Armour.
  8061 | D:7      | Killed a deep elf pyromancer
  8062 | D:7      | Reached skill level 10 in Axes
  8281 | D:7      | 8281 ||| Stepping ~*~*~tactically~*~*~ (hiding).
  8296 | D:7      | 8296 ||| DRINKING 7 potions of curing.
  8296 | D:7      | 8296 ||| (to cure confusion)
  8302 | D:7      | 8302 ||| INVOKING Fiery Armour.
  8319 | D:7      | 8319 ||| FLEEEEING.
  8320 | D:7      | 8320 ||| FLEEEEING.
  8322 | D:7      | 8322 ||| STAIRDANCE
  8581 | D:7      | 8581 ||| Stepping ~*~*~tactically~*~*~ (stealth).
  8597 | D:7      | 8597 ||| INVOKING Fiery Armour.
  8600 | D:7      | HP: 17/69 [wraith (3)]
  8601 | D:7      | 8601 ||| READING scroll of teleportation.
  8602 | D:7      | 8602 ||| DRINKING 2 potions of heal wounds.
  8852 | D:7      | 8852 ||| Stepping ~*~*~tactically~*~*~ (stealth).
  8856 | D:7      | 8856 ||| Stepping ~*~*~tactically~*~*~ (stealth).
  8873 | D:7      | 8873 ||| Stepping ~*~*~tactically~*~*~ (stealth).
  8875 | D:7      | 8875 ||| Stepping ~*~*~tactically~*~*~ (hiding).
  9068 | D:7      | 9068 ||| Stepping ~*~*~tactically~*~*~ (hiding).
  9069 | D:7      | 9069 ||| Stepping ~*~*~tactically~*~*~ (hiding).
  9496 | D:7      | 9496 ||| UPGRADING to +2 kite shield.
  9501 | D:7      | 9501 ||| READING 3 scrolls of identify.
  9501 | D:7      | 9501 ||| IDENTIFYING fuming golden potion
  9502 | D:7      | 9502 ||| READING 2 scrolls of identify.
  9502 | D:7      | 9502 ||| IDENTIFYING dark potion
  9503 | D:7      | 9503 ||| DROPPING potion of berserk rage.
  9521 | D:8      | Reached skill level 1 in Shields
  9572 | D:8      | Noticed a polar bear
  9573 | D:8      | 9573 ||| Stepping ~*~*~tactically~*~*~ (stealth).
  9575 | D:8      | 9575 ||| Stepping ~*~*~tactically~*~*~ (stealth).
  9577 | D:8      | 9577 ||| Stepping ~*~*~tactically~*~*~ (stealth).
  9584 | D:8      | 9584 ||| INVOKING Fiery Armour.
  9585 | D:8      | Noticed a polar bear
  9594 | D:8      | Reached skill level 3 in Shields
  9594 | D:8      | Reached XP level 10. HP: 26/79 MP: 11/11
  9594 | D:8      | HP: 14/79 [polar bear (7)]
  9595 | D:8      | 9595 ||| DRINKING potion of heal wounds.
  9600 | D:8      | HP: 8/79 [polar bear (5)]
  9608 | D:8      | 9608 ||| FLEEEEING.
  9609 | D:8      | 9609 ||| FLEEEEING.
  9610 | D:8      | 9610 ||| FLEEEEING.
  9611 | D:8      | 9611 ||| FLEEEEING.
  9612 | D:8      | 9612 ||| FLEEEEING.
  9613 | D:8      | 9613 ||| FLEEEEING.
  9614 | D:8      | 9614 ||| FLEEEEING.
  9615 | D:8      | 9615 ||| FLEEEEING.
  9619 | D:8      | HP: 4/79 [polar bear (9)]
  9624 | D:8      | HP: 1/79 [something/magic dart (4)]
  9655 | D:8      | 9655 ||| FLEEEEING.
  9656 | D:8      | 9656 ||| FLEEEEING.
  9657 | D:8      | 9657 ||| STAIRDANCE
  9978 | D:8      | 9978 ||| STAIRDANCE
  9980 | D:7      | 9980 ||| INVOKING Fiery Armour.
  9981 | D:7      | HP: 9/79 [polar bear (11)]
 10286 | D:8      | 10286 ||| STAIRDANCE
 10286 | D:8      | HP: 16/79 [unseen horror simulacrum (18)]
 10603 | D:8      | 10603 ||| Stepping ~*~*~tactically~*~*~ (stealth).
 10604 | D:8      | 10604 ||| Stepping ~*~*~tactically~*~*~ (stealth).
 10634 | D:8      | Noticed Psyche
 10635 | D:8      | 10635 ||| FLEEEEING.
 10636 | D:8      | 10636 ||| Stepping ~*~*~tactically~*~*~ (stealth).
 10637 | D:8      | 10637 ||| FLEEEEING.
 10645 | Abyss:1  | Cast into level 1 of the Abyss (Psyche)
 10672 | Abyss:1  | 10672 ||| Stepping ~*~*~tactically~*~*~ (stealth).
 10681 | Abyss:1  | Reached skill level 6 in Shields
 10763 | Abyss:1  | Noticed a thrashing horror
 10764 | Abyss:1  | Noticed a wretched star
 10771 | Abyss:1  | 10771 ||| INVOKING Fiery Armour.
 10772 | Abyss:1  | Killed a thrashing horror
 10776 | Abyss:1  | HP: 12/79 [wretched star/lance of force (17)]
 10781 | Abyss:1  | HP: 4/79 [fire bat (4)]
 10781 | Abyss:1  | Slain by a fire bat

Levels and vault maps discovered:
D:1:      dpeg_arrival_simpleton_c, layout_loops_ring, minmay_pentomino_q4
D:2:      minmay_door_path, layout_loops_ring, basic_altar, serial_shops,
          shop_statue, nicolae_shop_advertising_works
          [nicolae_subvault_shop_adworks], shop_statue, shop,
          nicolae_shop_crystal, chequers_ecumenical_altar_simple, uniq_sigmund,
          uniq_terence
D:3:      layout_basic, mainiacjoe_overflow_tiny_flanked, hangedman_ru_absence
D:4:      layout_basic, general_overflow_altar, minmay_temple_entry_large_hall,
          gammafunk_ghost_arena, uniq_edmund
D:5:      layout_cave_pods, serial_shops,
          nicolae_shop_temple_entry_statues_fountains, dk_noncrumbling_2
D:6:      layout_basic, gammafunk_temple_overflow_pools,
          kennysheep_generic_room_11
D:7:      layout_cave_pools, mainiacjoe_overflow_alcove_1, minivault_5,
          minmay_small_thing
D:8:      layout_rooms, serial_ice, serial_ice_i, serial_ice_b, serial_ice_f,
          serial_ice_d, enter_bailey_3, hangedman_abyss_or_decor_lesser_grid,
          uniq_psyche
Abyss:1:  base:
D:4

Skill      XL: |  1  2  3  4  5  6  7  8  9 10 |
---------------+-------------------------------+-----
Axes           | 3 4 5 6 7 9 10 | 10.1
Armour         | 1 2 3 4 5 |  5.1
Fighting       | 4 5 7 |  7.1
Throwing       | 1 |  1.7
Dodging        | 1 |  1.0
Shields        | 3 6 |  6.7
Spellcasting   | |  1.0
Fire Magic     | |  2.6

Action                   |  1- 3 |  4- 6 |  7- 9 | 10-12 || total
-------------------------+-------+-------+-------+-------++-------
Melee: Hand axe          |    95 |    94 |   260 |       ||   449
       Tailslap          |     4 |     9 |    45 |     9 ||    67
       Punch             |       |     1 |     6 |       ||     7
       War axe           |       |       |   191 |    78 ||   269
Throw: Boomerang         |       |    33 |    54 |       ||    87
Invok: Fiery Armour      |     2 |     1 |     7 |     2 ||    12
  Use: Scroll            |     1 |     9 |     9 |       ||    19
       Potion            |       |     2 |     5 |     1 ||     8
 Stab: Distracted        |       |       |     2 |       ||     2
Armor: Robe              |    15 |       |       |       ||    15
       Scale mail        |    31 |     4 |       |       ||    35
       Plate armour      |       |    41 |   285 |    84 ||   410
Dodge: Dodged            |    60 |    24 |   166 |    30 ||   280
Block: Other             |       |       |    66 |       ||    66
       Kite shield       |       |       |    34 |   112 ||   146

Table legend:
 A = Non-vault XP
 B = Vault XP
 C = Vault XP percentage of total XP
 D = Non-vault monster count
 E = Vault monster count
 F = Vault count percentage of total count
                 A         B        C        D         E       F
            +---------+---------+-------+---------+---------+-------
      Total |    4654 |    3447 |  42.6 |     166 |      26 |  13.5
            +---------+---------+-------+---------+---------+-------
        D:1 |      39 |       4 |   9.3 |      13 |       3 |  18.8
        D:2 |      18 |     278 |  93.9 |       9 |       5 |  35.7
        D:3 |      64 |       0 |   0.0 |      12 |       0 |   0.0
        D:4 |     531 |     154 |  22.5 |      26 |       1 |   3.7
        D:5 |     961 |       0 |   0.0 |      33 |       0 |   0.0
        D:6 |     623 |     100 |  13.8 |      23 |       1 |   4.2
        D:7 |    1240 |    1125 |  47.6 |      38 |       3 |   7.3
        D:8 |     352 |    1786 |  83.5 |       8 |      13 |  61.9
    Abyss:1 |     826 |       0 |   0.0 |       4 |       0 |   0.0
            +---------+---------+-------+---------+---------+-------
